Jets vs Stars

Created - Tuesday, December 09, 2014 at 21:19

Goals
1 2 3 T
Jets 1 1 1 3
Stars 1 0 0 1
Shots
1 2 3 T
Jets 10 13 6 29
Stars 6 9 3 18

1st period

1. Stars , Cory Conacher 4 (Daniel Cleary) at 12:07 (SH)
2. Jets , Kyle Turris 5 (Oliver Ekman-Larsson) at 13:08

Penalties :
Wayne Simmonds (Wpg) for Hooking (Minor) at 1:26, Max Pacioretty (Wpg) for Holding Stick (Minor) at 6:44, Erik Haula (Dal) for Hooking (Minor) at 10:35, Eric Brewer (Dal) for Hooking (Minor) at 14:35, Tyler Myers (Wpg) for Roughing (Minor) at 18:45

2nd period

3. Jets , Max Pacioretty 14 (Oliver Ekman-Larsson, Erik Johnson) at 19:52

Penalties :
Zach Sill (Dal) for Interference (Minor) at 9:21

3rd period

4. Jets , John Tavares 9 (Alex Ovechkin) at 19:38 (PP)

Penalties :
Eric Brewer (Dal) for Tripping (Minor) at 5:21, Alex Killorn (Wpg) for Holding Stick (Minor) at 13:09, Joe Corvo (Dal) for Holding (Minor) at 15:59, John Moore (Dal) for Close Hand On Puck (Minor) at 19:23

Goalie Stats

Sergei Bobrovsky (Wpg), 17 saves from 18 shots - (0.944), W, 19-7-1, 60:00 minutes
Robin Lehner (Dal), 26 saves from 29 shots - (0.897), L, 4-12-2, 60:00 minutes

Players Stats for Jets

Player Name              G  A  P  +/- PIM S  H  SB GA TA FO     MP     PP MP  PK MP  
------------------------------------------------------------------------------------
Alex Killorn             0  0  0   0  2   0  1  0  0  0  0/1    14:16   0:00   1:00 
Alex Ovechkin            0  1  1   0  0   3  1  0  8  1  0/0    18:06   5:42   0:00 
Colin Wilson             0  0  0   0  0   0  0  0  1  0  2/2     8:42   0:00   0:00 
Danny DeKeyser           0  0  0   1  0   4  0  0  0  0  0/0    17:23   0:00   3:22 
Erik Johnson             0  1  1   0  0   0  3  2  1  2  0/0    22:37   3:20   4:34 
Frans Nielsen            0  0  0   1  0   4  0  0  2  0  8/11   14:53   0:00   5:47 
John Tavares             1  0  1   0  0   2  2  0  1  0  17/22  18:06   5:42   0:00 
Kris Russell             0  0  0   0  0   1  1  2  0  0  0/0    19:44   6:50   0:00 
Kyle Turris              1  0  1   0  0   2  1  0  2  1  2/4    17:14   4:28   2:04 
Marcus Kruger            0  0  0   1  0   0  0  2  2  0  0/0    15:53   0:00   5:52 
Max Pacioretty           1  0  1   1  2   3  2  0  4  0  0/1    17:22   5:42   1:08 
Nick Bjugstad            0  0  0   1  0   1  0  0  3  0  0/0     9:46   0:00   0:01 
Oliver Ekman-Larsson     0  2  2   1  0   3  3  2  0  4  0/0    26:16   6:50   4:34 
Ryan Getzlaf             0  0  0  -1  0   1  1  0  6  0  3/6    14:12   4:28   0:00 
Ryan Murray              0  0  0   0  0   2  0  2  1  0  0/0    12:08   0:00   0:00 
Teemu Selanne            0  0  0   0  0   0  0  0  1  0  0/0     8:42   0:00   0:00 
Tyler Myers              0  0  0   0  2   3  0  1  0  1  0/0    21:51   3:20   3:22 
Wayne Simmonds           0  0  0   0  2   0  0  0  1  0  0/0    14:49   4:28   0:00 

Players Stats for Stars

Player Name              G  A  P  +/- PIM S  H  SB GA TA FO     MP     PP MP  PK MP  
------------------------------------------------------------------------------------
Brandon Kozun            0  0  0   0  0   0  0  0  0  0  0/1     9:05   0:00   0:00 
Brett Ritchie            0  0  0  -1  0   1  2  1  1  1  1/1    15:22   4:20   0:00 
Bruno Gervais            0  0  0   0  0   1  0  1  0  1  0/0    12:22   0:00   0:08 
Carlo Colaiacovo         0  0  0  -1  0   1  1  2  0  1  0/0    12:24   0:00   0:00 
Cory Conacher            1  0  1   1  0   2  0  0  3  0  0/1    17:17   3:36   2:32 
Daniel Cleary            0  1  1   0  0   2  1  0  2  1  2/2    19:46   4:20   2:32 
Eric Brewer              0  0  0  -1  4   1  2  1  1  4  0/0    24:34   4:14   4:36 
Erik Haula               0  0  0  -1  2   0  1  0  0  0  5/9    11:56   0:00   0:00 
Farm Player4             0  0  0  -1  0   0  0  0  0  0  2/5    12:34   0:38   0:57 
Ian Cole                 0  0  0   1  0   2  0  2  1  2  0/0    20:28   4:14   2:02 
Jakub Kindl              0  0  0   0  0   2  1  0  0  0  0/0     8:42   3:42   0:00 
Joe Corvo                0  0  0   0  2   2  0  1  0  4  0/0    21:36   3:42   4:50 
John Moore               0  0  0  -1  2   0  0  0  0  4  0/0    18:10   0:00   8:00 
Michael Ryder            0  0  0  -1  0   3  1  0  1  0  2/7    22:16   3:42   0:00 
Miikka Salomaki          0  0  0   0  0   0  1  0  1  0  0/2    11:30   0:00   1:21 
Patrick Eaves            0  0  0   0  0   0  1  1  1  0  0/1    21:12   3:36   6:42 
Rob Klinkhammer          0  0  0  -1  0   1  2  1  1  1  1/13   20:41   3:36   7:00 
Zach Sill                0  0  0   0  2   0  2  0  0  1  2/5     9:49   0:00   0:00 

3 Stars

1 - Oliver Ekman-Larsson (Wpg)
2 - Sergei Bobrovsky (Wpg)
3 - Cory Conacher (Dal)

Power Play

Jets - 1 on 6 Attempt(s) - 16.67%
Stars - 0 on 4 Attempt(s) - 0.00%

Penalty Kill

Jets - 4 on 4 Attempt(s) - 100.00% - Score 0 goal in Penalty Kill
Stars - 5 on 6 Attempt(s) - 83.33% - Score 1 goal in Penalty Kill

Official

Referees : Unknown
Linesman : Unknown

Game Notes

No Game Note

Finance

Level 1 -- Attendance: 4339 (72.32%) -- Ticket Income $433,900
Level 2 -- Attendance: 3450 (69.00%) -- Ticket Income $207,000
Level 3 -- Attendance: 1319 (65.95%) -- Ticket Income $46,165
Level 4 -- Attendance: 2767 (69.18%) -- Ticket Income $55,340
Luxury Box -- Attendance: 786 (78.60%) -- Ticket Income $157,200
Game was played at the American Airlines Arena
Total Attendance: 12661 (70.34%)
Total Ticket Income: $899,605
Other Income: $440,806
Total Income: $1,340,411

Jets

5 vs 5 Forward 
   Center                   Left Wing                Right Wing               Time % Phy DF OF 
 1 John Tavares             Alex Killorn             Alex Ovechkin            38     0   1  4  
 2 Frans Nielsen            Max Pacioretty           Wayne Simmonds           30     1   1  3  
 3 Kyle Turris              Nick Bjugstad            Marcus Kruger            22     0   2  3  
 4 Ryan Getzlaf             Colin Wilson             Teemu Selanne            10     1   1  3  

5 vs 5 Defense 
   Defense                  Defense                                           Time % Phy DF OF 
 1 Oliver Ekman-Larsson     Erik Johnson                                      35     1   2  2  
 2 Tyler Myers              Danny DeKeyser                                    32     1   2  2  
 3 Ryan Murray              Kris Russell                                      22     1   2  2  
 4 Oliver Ekman-Larsson     Erik Johnson                                      11     1   2  2  

PowerPlay Forward 
   Center                   Left Wing                Right Wing               Time % Phy DF OF 
 1 John Tavares             Max Pacioretty           Alex Ovechkin            60     1   2  2  
 2 Ryan Getzlaf             Kyle Turris              Wayne Simmonds           40     0   2  3  

PowerPlay Defense
   Defense                  Defense                                           Time % Phy DF OF 
 1 Oliver Ekman-Larsson     Kris Russell                                      60     1   2  2  
 2 Tyler Myers              Erik Johnson                                      40     1   2  2  

Penalty Kill 4 Players Forward 
   Center                   Wing                     Time % Phy DF OF 
 1 Frans Nielsen            Marcus Kruger            60     1   4  0  
 2 Kyle Turris              Max Pacioretty           40     1   2  2  

Penalty Kill 4 Players Defense
   Defense                  Defense                  Time % Phy DF OF 
 1 Oliver Ekman-Larsson     Erik Johnson             60     1   3  1  
 2 Tyler Myers              Danny DeKeyser           40     1   3  1  

Penalty Kill - 3 Players Forward 
   Forward                                           Time % Phy DF OF 
 1 Alex Ovechkin                                     60     1   4  0  
 2 Frans Nielsen                                     40     1   4  0  

Penalty Kill - 3 Players Defense
   Defense                  Defense                  Time % Phy DF OF 
 1 Oliver Ekman-Larsson     Erik Johnson             60     1   4  0  
 2 Tyler Myers              Danny DeKeyser           40     1   4  0  

4 vs 4 Forward 
   Center                   Wing                     Time % Phy DF OF 
 1 Max Pacioretty           Alex Ovechkin            60     1   2  2  
 2 Frans Nielsen            John Tavares             40     1   2  2  

4 vs 4 Defense
   Defense                  Defense                  Time % Phy DF OF 
 1 Oliver Ekman-Larsson     Erik Johnson             60     1   2  2  
 2 Tyler Myers              Kris Russell             40     1   2  2  

Last Minutes Offensive
   Center                   Left Wing                Right Wing               Defense                  Defense                  
   John Tavares             Alex Ovechkin            Wayne Simmonds           Oliver Ekman-Larsson     Erik Johnson             

Last Minutes Defensive
   Center                   Left Wing                Right Wing               Defense                  Defense                  
   Frans Nielsen            Max Pacioretty           Marcus Kruger            Oliver Ekman-Larsson     Tyler Myers              

Goaltenders
Starting : Sergei Bobrovsky         
Backup : Tim Thomas               

Extra Forwards
Normal : Ryan Getzlaf, Marcus Kruger, Alex Killorn - PP : Kyle Turris, Marcus Kruger - PK : Alex Killorn
Extra Defensemen
Normal : Kris Russell, Ryan Murray, Tyler Myers - PP : Kris Russell - PK : Ryan Murray, Tyler Myers
Penalty Shots
Wayne Simmonds, Alex Ovechkin, Frans Nielsen, John Tavares, Max Pacioretty

Stars

5 vs 5 Forward 
   Center                   Left Wing                Right Wing               Time % Phy DF OF 
 1 Erik Haula               Michael Ryder            Daniel Cleary            35     1   2  2  
 2 Zach Sill                Cory Conacher            Patrick Eaves            30     1   2  2  
 3 Farm Player4             Rob Klinkhammer          Brett Ritchie            22     1   2  2  
 4 Michael Ryder            Miikka Salomaki          Brandon Kozun            13     1   2  2  

5 vs 5 Defense 
   Defense                  Defense                                           Time % Phy DF OF 
 1 Eric Brewer              John Moore                                        35     1   2  2  
 2 Carlo Colaiacovo         Joe Corvo                                         30     1   2  2  
 3 Ian Cole                 Bruno Gervais                                     22     1   2  2  
 4 Jakub Kindl              Eric Brewer                                       13     1   2  2  

PowerPlay Forward 
   Center                   Left Wing                Right Wing               Time % Phy DF OF 
 1 Michael Ryder            Brett Ritchie            Daniel Cleary            60     1   2  2  
 2 Rob Klinkhammer          Cory Conacher            Patrick Eaves            40     1   2  2  

PowerPlay Defense
   Defense                  Defense                                           Time % Phy DF OF 
 1 Eric Brewer              Ian Cole                                          60     1   2  2  
 2 Jakub Kindl              Joe Corvo                                         40     1   2  2  

Penalty Kill 4 Players Forward 
   Center                   Wing                     Time % Phy DF OF 
 1 Rob Klinkhammer          Patrick Eaves            60     1   2  2  
 2 Daniel Cleary            Cory Conacher            40     1   2  2  

Penalty Kill 4 Players Defense
   Defense                  Defense                  Time % Phy DF OF 
 1 Eric Brewer              John Moore               60     1   2  2  
 2 Ian Cole                 Joe Corvo                40     1   2  2  

Penalty Kill - 3 Players Forward 
   Forward                                           Time % Phy DF OF 
 1 Daniel Cleary                                     60     1   2  2  
 2 Cory Conacher                                     40     1   2  2  

Penalty Kill - 3 Players Defense
   Defense                  Defense                  Time % Phy DF OF 
 1 Eric Brewer              Jakub Kindl              60     1   2  2  
 2 Ian Cole                 Joe Corvo                40     1   2  2  

4 vs 4 Forward 
   Center                   Wing                     Time % Phy DF OF 
 1 Patrick Eaves            Rob Klinkhammer          60     1   2  2  
 2 Daniel Cleary            Cory Conacher            40     1   2  2  

4 vs 4 Defense
   Defense                  Defense                  Time % Phy DF OF 
 1 Eric Brewer              Ian Cole                 60     1   2  2  
 2 Bruno Gervais            Joe Corvo                40     1   2  2  

Last Minutes Offensive
   Center                   Left Wing                Right Wing               Defense                  Defense                  
   Erik Haula               Michael Ryder            Daniel Cleary            Eric Brewer              John Moore               

Last Minutes Defensive
   Center                   Left Wing                Right Wing               Defense                  Defense                  
   Erik Haula               Michael Ryder            Daniel Cleary            Eric Brewer              John Moore               

Goaltenders
Starting : Robin Lehner             
Backup : Joacim Eriksson          

Extra Forwards
Normal : Rob Klinkhammer, Brett Ritchie, Miikka Salomaki - PP : Rob Klinkhammer, Brett Ritchie - PK : Miikka Salomaki
Extra Defensemen
Normal : Ian Cole, Joe Corvo, Eric Brewer - PP : Ian Cole - PK : Joe Corvo, Eric Brewer
Penalty Shots
Rob Klinkhammer, Brett Ritchie, Daniel Cleary, Cory Conacher, Patrick Eaves

% Time on Ice - Jets

Lines # - Real PCT - Wanted PCT - Time Play
Normal Forward
1 - 31% - 38% - 12:42
2 - 26% - 30% - 10:47
3 - 23% - 22% - 9:27
4 - 21% - 10% - 8:42
Normal Defense
1 - 33% - 35% - 13:46
2 - 36% - 32% - 14:54
3 - 29% - 22% - 12:08
4 - 2% - 11% - 0:50
PP Forward
1 - 56% - 60% - 5:42
2 - 44% - 40% - 4:28
PP Defense
1 - 67% - 60% - 6:50
2 - 33% - 40% - 3:20
PK Forward
1 - 74% - 60% - 5:52
2 - 26% - 40% - 2:04
PK Defense
1 - 58% - 60% - 4:34
2 - 42% - 40% - 3:22
PK3 Forward
1 - 0% - 60%
2 - 0% - 40%
PK3 Defense
1 - 0% - 60%
2 - 0% - 40%
44 Forward
1 - 0% - 60%
2 - 0% - 40%
44 Defense
1 - 0% - 60%
2 - 0% - 40%
Last Minute Offensive  - 0:00
Last Minute Defensive  - 0:16
Total
Forward - 60:00
Defense - 60:00

% Time on Ice - Stars

Lines # - Real PCT - Wanted PCT - Time Play
Normal Forward
1 - 31% - 35% - 13:10
2 - 27% - 30% - 11:09
3 - 20% - 22% - 8:24
4 - 22% - 13% - 9:05
Normal Defense
1 - 26% - 35% - 10:58
2 - 34% - 30% - 14:01
3 - 29% - 22% - 12:07
4 - 11% - 13% - 4:42
PP Forward
1 - 55% - 60% - 4:20
2 - 45% - 40% - 3:36
PP Defense
1 - 53% - 60% - 4:14
2 - 47% - 40% - 3:42
PK Forward
1 - 75% - 60% - 7:38
2 - 25% - 40% - 2:32
PK Defense
1 - 80% - 60% - 8:08
2 - 20% - 40% - 2:02
PK3 Forward
1 - 0% - 60%
2 - 0% - 40%
PK3 Defense
1 - 0% - 60%
2 - 0% - 40%
44 Forward
1 - 0% - 60%
2 - 0% - 40%
44 Defense
1 - 0% - 60%
2 - 0% - 40%
Last Minute Offensive  - 0:06
Last Minute Defensive  - 0:00
Total
Forward - 60:00
Defense - 60:00

Play by Play

1st period


0:01 of 1st period - Erik Haula wins face-off versus John Tavares in neutral zone.
0:08 of 1st period - Snap shot by Daniel Cleary.
0:08 of 1st period - Stopped by Sergei Bobrovsky with a rebound.
0:10 of 1st period - Backhand shot by Eric Brewer.
0:10 of 1st period - Stopped by Sergei Bobrovsky with a rebound.
0:20 of 1st period - Wrist shot by Michael Ryder.
0:20 of 1st period - Stopped by Sergei Bobrovsky with a rebound.
1:26 of 1st period - Minor Penalty to Wayne Simmonds for Hooking.
1:27 of 1st period - Frans Nielsen wins face-off versus Michael Ryder in Jets zone.
1:27 of 1st period - Frans Nielsen is hit by Brett Ritchie.
1:34 of 1st period - Snap shot by Marcus Kruger.
1:34 of 1st period - Shot Blocked by Ian Cole.
2:15 of 1st period - Frans Nielsen is hit by Rob Klinkhammer and loses puck.
3:26 of 1st period - Penalty to Wayne Simmonds is over, Wayne Simmonds is back on ice.
3:55 of 1st period - Snap shot by Miikka Salomaki.
3:55 of 1st period - Deflect By Michael Ryder.
3:55 of 1st period - Shot Misses the Net.
3:55 of 1st period - Puck is out of play.
3:56 of 1st period - John Tavares wins face-off versus Brandon Kozun in Jets zone.
4:48 of 1st period - Brett Ritchie is hit by Kris Russell and loses puck.
5:47 of 1st period - Marcus Kruger is hit by Eric Brewer and loses puck.
6:44 of 1st period - Minor Penalty to Max Pacioretty for Holding Stick.
6:45 of 1st period - Frans Nielsen wins face-off versus Michael Ryder in Jets zone.
7:15 of 1st period - Backhand shot by Cory Conacher.
7:15 of 1st period - Shot Blocked by Marcus Kruger.
7:17 of 1st period - Slapshot by Jakub Kindl.
7:17 of 1st period - Shot Blocked by Erik Johnson.
7:19 of 1st period - Wrist shot by Cory Conacher.
7:19 of 1st period - Shot Misses the Net.
7:21 of 1st period - Snap shot by Joe Corvo.
7:21 of 1st period - Stopped by Sergei Bobrovsky with a rebound.
7:39 of 1st period - Rob Klinkhammer is hit by Erik Johnson and loses puck.
7:47 of 1st period - Slapshot by Eric Brewer.
7:47 of 1st period - Shot Blocked by Erik Johnson.
8:05 of 1st period - Wrist shot by Daniel Cleary.
8:05 of 1st period - Shot Misses the Net.
8:29 of 1st period - Slapshot by Jakub Kindl.
8:29 of 1st period - Stopped by Sergei Bobrovsky with a rebound.
8:44 of 1st period - Penalty to Max Pacioretty is over, Max Pacioretty is back on ice.
9:08 of 1st period - Snap shot by Miikka Salomaki.
9:08 of 1st period - Shot Misses the Net.
9:14 of 1st period - Snap shot by Miikka Salomaki.
9:14 of 1st period - Deflect By Ryan Murray.
9:14 of 1st period - Shot Blocked by Ryan Murray.
9:14 of 1st period - Puck is out of play.
9:15 of 1st period - Ryan Getzlaf wins face-off versus Farm Player4 in Jets zone.
9:24 of 1st period - Snap shot by Ryan Getzlaf.
9:24 of 1st period - Deflect By Bruno Gervais.
9:24 of 1st period - Stopped by Robin Lehner with a rebound.
9:26 of 1st period - Snap shot by Danny DeKeyser.
9:26 of 1st period - Stopped by Robin Lehner without a rebound.
9:27 of 1st period - John Tavares wins face-off versus Miikka Salomaki in Stars zone.
9:32 of 1st period - Wrist shot by Alex Ovechkin.
9:32 of 1st period - Stopped by Robin Lehner with a rebound.
9:34 of 1st period - Snap shot by Tyler Myers.
9:34 of 1st period - Shot Misses the Net.
9:36 of 1st period - Slapshot by Danny DeKeyser.
9:36 of 1st period - Stopped by Robin Lehner with a rebound.
9:38 of 1st period - Slapshot by Tyler Myers.
9:38 of 1st period - Deflect By John Tavares.
9:38 of 1st period - Shot Misses the Net.
9:38 of 1st period - Puck is out of play.
9:39 of 1st period - John Tavares wins face-off versus Michael Ryder in Stars zone.
9:46 of 1st period - Snap shot by Alex Ovechkin.
9:46 of 1st period - Shot Misses the Net.
9:48 of 1st period - Snap shot by Ryan Murray.
9:48 of 1st period - Stopped by Robin Lehner without a rebound.
9:49 of 1st period - Colin Wilson wins face-off versus Farm Player4 in Stars zone.
10:35 of 1st period - Minor Penalty to Erik Haula for Hooking.
10:36 of 1st period - John Tavares wins face-off versus Rob Klinkhammer in Stars zone.
11:06 of 1st period - Wrist shot by John Tavares.
11:06 of 1st period - Shot Misses the Net.
11:08 of 1st period - Slapshot by Kris Russell.
11:08 of 1st period - Shot Blocked by Eric Brewer.
11:10 of 1st period - Slapshot by Oliver Ekman-Larsson.
11:10 of 1st period - Stopped by Robin Lehner with a rebound.
11:12 of 1st period - Slapshot by Oliver Ekman-Larsson.
11:12 of 1st period - Shot Misses the Net.
11:14 of 1st period - Slapshot by Max Pacioretty.
11:14 of 1st period - Shot Misses the Net.
11:33 of 1st period - Off-side.
11:34 of 1st period - Kyle Turris wins face-off versus Miikka Salomaki in neutral zone.
12:07 of 1st period - Snap shot by Cory Conacher.
12:07 of 1st period - Goal by Cory Conacher - Jets : 0 - Stars : 1.
12:08 of 1st period - John Tavares wins face-off versus Rob Klinkhammer in neutral zone.
12:19 of 1st period - Wrist shot by Alex Ovechkin.
12:19 of 1st period - Shot Misses the Net.
12:21 of 1st period - Snap shot by Oliver Ekman-Larsson.
12:21 of 1st period - Shot Misses the Net.
12:35 of 1st period - Penalty to Erik Haula is over, Erik Haula is back on ice.
13:08 of 1st period - Snap shot by Kyle Turris.
13:08 of 1st period - Goal by Kyle Turris - Jets : 1 - Stars : 1.
13:09 of 1st period - Michael Ryder wins face-off versus Kyle Turris in neutral zone.
13:26 of 1st period - Wrist shot by Nick Bjugstad.
13:26 of 1st period - Shot Misses the Net.
13:28 of 1st period - Snap shot by Danny DeKeyser.
13:28 of 1st period - Stopped by Robin Lehner with a rebound.
13:30 of 1st period - Snap shot by Danny DeKeyser.
13:30 of 1st period - Stopped by Robin Lehner with a rebound.
13:32 of 1st period - Snap shot by Nick Bjugstad.
13:32 of 1st period - Stopped by Robin Lehner without a rebound.
13:33 of 1st period - Erik Haula wins face-off versus John Tavares in Stars zone.
14:02 of 1st period - Off-side.
14:03 of 1st period - Frans Nielsen wins face-off versus Zach Sill in neutral zone.
14:35 of 1st period - Minor Penalty to Eric Brewer for Hooking.
14:36 of 1st period - John Tavares wins face-off versus Patrick Eaves in Stars zone.
16:09 of 1st period - Joe Corvo is hit by John Tavares and loses puck.
16:23 of 1st period - Off-side.
16:24 of 1st period - Rob Klinkhammer wins face-off versus Ryan Getzlaf in neutral zone.
16:35 of 1st period - Penalty to Eric Brewer is over, Eric Brewer is back on ice.
17:17 of 1st period - Michael Ryder is hit by Alex Ovechkin and loses puck.
18:45 of 1st period - Minor Penalty to Tyler Myers for Roughing.
18:46 of 1st period - Frans Nielsen wins face-off versus Rob Klinkhammer in Jets zone.
19:04 of 1st period - Slapshot by Jakub Kindl.
19:04 of 1st period - Shot Blocked by Oliver Ekman-Larsson.
Goals for this period are 1 for Jets vs 1 for Stars.
Shots for this period are 10 for Jets vs 6 for Stars.

2nd period


0:01 of 2nd period - Brett Ritchie wins face-off versus Frans Nielsen in neutral zone.
0:45 of 2nd period - Penalty to Tyler Myers is over, Tyler Myers is back on ice.
0:55 of 2nd period - Oliver Ekman-Larsson is hit by Rob Klinkhammer and loses puck.
1:08 of 2nd period - Cory Conacher is hit by Erik Johnson and loses puck.
1:41 of 2nd period - Snap shot by Ryan Getzlaf.
1:41 of 2nd period - Deflect By Teemu Selanne.
1:41 of 2nd period - Shot Misses the Net.
1:41 of 2nd period - Puck is out of play.
1:42 of 2nd period - Daniel Cleary wins face-off versus Ryan Getzlaf in Stars zone.
2:32 of 2nd period - Wrist shot by Max Pacioretty.
2:32 of 2nd period - Shot Hit the Post.
2:34 of 2nd period - Snap shot by Frans Nielsen.
2:34 of 2nd period - Stopped by Robin Lehner with a rebound.
2:36 of 2nd period - Slapshot by Tyler Myers.
2:36 of 2nd period - Stopped by Robin Lehner without a rebound.
2:37 of 2nd period - Farm Player4 wins face-off versus Frans Nielsen in Stars zone.
2:50 of 2nd period - Wrist shot by Wayne Simmonds.
2:50 of 2nd period - Shot Misses the Net.
2:52 of 2nd period - Slapshot by Tyler Myers.
2:52 of 2nd period - Shot Misses the Net.
2:54 of 2nd period - Slapshot by Tyler Myers.
2:54 of 2nd period - Stopped by Robin Lehner without a rebound.
2:55 of 2nd period - John Tavares wins face-off versus Zach Sill in Stars zone.
3:56 of 2nd period - Wrist shot by Michael Ryder.
3:56 of 2nd period - Stopped by Sergei Bobrovsky with a rebound.
3:58 of 2nd period - Wrist shot by Miikka Salomaki.
3:58 of 2nd period - Shot Misses the Net.
4:00 of 2nd period - Snap shot by John Moore.
4:00 of 2nd period - Shot Misses the Net.
4:41 of 2nd period - Wrist shot by Daniel Cleary.
4:41 of 2nd period - Shot Blocked by Tyler Myers.
4:43 of 2nd period - Snap shot by Michael Ryder.
4:43 of 2nd period - Shot Misses the Net.
4:45 of 2nd period - Slapshot by Bruno Gervais.
4:45 of 2nd period - Stopped by Sergei Bobrovsky without a rebound.
4:46 of 2nd period - Erik Haula wins face-off versus Frans Nielsen in Jets zone.
4:51 of 2nd period - Wrist shot by Michael Ryder.
4:51 of 2nd period - Deflect By Daniel Cleary.
4:51 of 2nd period - Shot Blocked by Kris Russell.
4:51 of 2nd period - Puck is out of play.
4:52 of 2nd period - Erik Haula wins face-off versus Max Pacioretty in Jets zone.
4:55 of 2nd period - Slapshot by Michael Ryder.
4:55 of 2nd period - Stopped by Sergei Bobrovsky with a rebound.
5:10 of 2nd period - Wrist shot by Wayne Simmonds.
5:10 of 2nd period - Shot Misses the Net.
5:12 of 2nd period - Wrist shot by Frans Nielsen.
5:12 of 2nd period - Stopped by Robin Lehner with a rebound.
5:14 of 2nd period - Slapshot by Ryan Murray.
5:14 of 2nd period - Stopped by Robin Lehner with a rebound.
5:53 of 2nd period - Erik Haula is hit by Alex Killorn and loses puck.
6:36 of 2nd period - Snap shot by Cory Conacher.
6:36 of 2nd period - Stopped by Sergei Bobrovsky with a rebound.
6:59 of 2nd period - Rob Klinkhammer is hit by Oliver Ekman-Larsson and loses puck.
7:12 of 2nd period - Marcus Kruger is hit by Brett Ritchie and loses puck.
7:29 of 2nd period - Slapshot by Tyler Myers.
7:29 of 2nd period - Shot Blocked by Carlo Colaiacovo.
7:41 of 2nd period - Snap shot by Cory Conacher.
7:41 of 2nd period - Shot Blocked by Marcus Kruger.
8:31 of 2nd period - Snap shot by Rob Klinkhammer.
8:31 of 2nd period - Shot Misses the Net.
8:49 of 2nd period - Snap shot by Frans Nielsen.
8:49 of 2nd period - Shot Misses the Net.
9:07 of 2nd period - Wrist shot by Frans Nielsen.
9:07 of 2nd period - Shot Misses the Net.
9:09 of 2nd period - Slapshot by Ryan Murray.
9:09 of 2nd period - Shot Misses the Net.
9:11 of 2nd period - Slapshot by Ryan Murray.
9:11 of 2nd period - Shot Misses the Net.
9:13 of 2nd period - Slapshot by Ryan Murray.
9:13 of 2nd period - Shot Misses the Net.
9:15 of 2nd period - Slapshot by Ryan Murray.
9:15 of 2nd period - Shot Blocked by Bruno Gervais.
9:21 of 2nd period - Minor Penalty to Zach Sill for Interference.
9:22 of 2nd period - John Tavares wins face-off versus Rob Klinkhammer in Stars zone.
9:44 of 2nd period - Wrist shot by John Tavares.
9:44 of 2nd period - Deflect By Eric Brewer.
9:44 of 2nd period - Shot Blocked by Rob Klinkhammer.
9:44 of 2nd period - Puck is out of play.
9:45 of 2nd period - John Tavares wins face-off versus Rob Klinkhammer in Stars zone.
9:46 of 2nd period - Slapshot by Alex Ovechkin.
9:46 of 2nd period - Stopped by Robin Lehner with a rebound.
9:48 of 2nd period - Slapshot by Oliver Ekman-Larsson.
9:48 of 2nd period - Stopped by Robin Lehner with a rebound.
9:50 of 2nd period - Slapshot by Kris Russell.
9:50 of 2nd period - Stopped by Robin Lehner with a rebound.
10:02 of 2nd period - Backhand shot by John Tavares.
10:02 of 2nd period - Stopped by Robin Lehner with a rebound.
10:04 of 2nd period - Wrist shot by Alex Ovechkin.
10:04 of 2nd period - Stopped by Robin Lehner with a rebound.
10:20 of 2nd period - Miikka Salomaki is hit by Ryan Getzlaf and loses puck.
10:31 of 2nd period - Snap shot by Rob Klinkhammer.
10:31 of 2nd period - Shot Misses the Net.
10:33 of 2nd period - Wrist shot by Rob Klinkhammer.
10:33 of 2nd period - Stopped by Sergei Bobrovsky with a rebound.
10:51 of 2nd period - Cory Conacher is hit by John Tavares and loses puck.
11:21 of 2nd period - Penalty to Zach Sill is over, Zach Sill is back on ice.
11:26 of 2nd period - Erik Johnson is hit by Zach Sill and loses puck.
13:55 of 2nd period - Icing by Ian Cole.
13:56 of 2nd period - John Tavares wins face-off versus Rob Klinkhammer in Stars zone.
14:05 of 2nd period - Slapshot by Ian Cole.
14:05 of 2nd period - Stopped by Sergei Bobrovsky without a rebound.
14:06 of 2nd period - John Tavares wins face-off versus Rob Klinkhammer in Jets zone.
15:12 of 2nd period - Snap shot by Kyle Turris.
15:12 of 2nd period - Deflect By Nick Bjugstad.
15:12 of 2nd period - Shot Blocked by Patrick Eaves.
15:12 of 2nd period - Puck is out of play.
15:13 of 2nd period - Michael Ryder wins face-off versus Kyle Turris in Stars zone.
15:18 of 2nd period - Slapshot by Jakub Kindl.
15:18 of 2nd period - Stopped by Sergei Bobrovsky with a rebound.
15:30 of 2nd period - Erik Johnson is hit by Eric Brewer and loses puck.
15:51 of 2nd period - Wrist shot by Rob Klinkhammer.
15:51 of 2nd period - Shot Misses the Net.
16:25 of 2nd period - Wrist shot by John Tavares.
16:25 of 2nd period - Shot Blocked by Ian Cole.
16:27 of 2nd period - Slapshot by Tyler Myers.
16:27 of 2nd period - Stopped by Robin Lehner with a rebound.
17:13 of 2nd period - Ryan Murray is hit by Michael Ryder and loses puck.
17:28 of 2nd period - Daniel Cleary is hit by Max Pacioretty and loses puck.
18:02 of 2nd period - Backhand shot by Joe Corvo.
18:02 of 2nd period - Deflect By Kris Russell.
18:02 of 2nd period - Stopped by Sergei Bobrovsky without a rebound.
18:03 of 2nd period - Farm Player4 wins face-off versus John Tavares in Jets zone.
18:35 of 2nd period - Snap shot by Cory Conacher.
18:35 of 2nd period - Deflect By Oliver Ekman-Larsson.
18:35 of 2nd period - Shot Misses the Net.
18:35 of 2nd period - Puck is out of play.
18:36 of 2nd period - Colin Wilson wins face-off versus Zach Sill in Jets zone.
18:43 of 2nd period - Wrist shot by Ryan Getzlaf.
18:43 of 2nd period - Shot Misses the Net.
18:59 of 2nd period - Slapshot by Daniel Cleary.
18:59 of 2nd period - Stopped by Sergei Bobrovsky with a rebound.
19:02 of 2nd period - Icing by Colin Wilson.
19:03 of 2nd period - Erik Haula wins face-off versus Ryan Getzlaf in Jets zone.
19:38 of 2nd period - Snap shot by Frans Nielsen.
19:38 of 2nd period - Stopped by Robin Lehner with a rebound.
19:40 of 2nd period - Slapshot by Danny DeKeyser.
19:40 of 2nd period - Shot Misses the Net.
19:42 of 2nd period - Slapshot by Frans Nielsen.
19:42 of 2nd period - Shot Blocked by Brett Ritchie.
19:44 of 2nd period - Snap shot by Oliver Ekman-Larsson.
19:44 of 2nd period - Shot Blocked by Carlo Colaiacovo.
19:46 of 2nd period - Snap shot by Frans Nielsen.
19:46 of 2nd period - Shot Hit the Post.
19:48 of 2nd period - Snap shot by Erik Johnson.
19:48 of 2nd period - Shot Misses the Net.
19:50 of 2nd period - Backhand shot by Oliver Ekman-Larsson.
19:50 of 2nd period - Shot Misses the Net.
19:52 of 2nd period - Slapshot by Oliver Ekman-Larsson.
19:52 of 2nd period - Deflect By Max Pacioretty.
19:52 of 2nd period - Goal by Max Pacioretty - Jets : 2 - Stars : 1.
19:53 of 2nd period - Zach Sill wins face-off versus John Tavares in neutral zone.
Goals for this period are 1 for Jets vs 0 for Stars.
Shots for this period are 13 for Jets vs 9 for Stars.

3rd period


0:01 of 3rd period - Daniel Cleary wins face-off versus John Tavares in neutral zone.
0:19 of 3rd period - Wrist shot by Michael Ryder.
0:19 of 3rd period - Deflect By Erik Haula.
0:19 of 3rd period - Shot Blocked by Oliver Ekman-Larsson.
0:19 of 3rd period - Puck is out of play.
0:20 of 3rd period - John Tavares wins face-off versus Erik Haula in Jets zone.
2:07 of 3rd period - Slapshot by Joe Corvo.
2:07 of 3rd period - Shot Blocked by Ryan Murray.
2:09 of 3rd period - Backhand shot by Carlo Colaiacovo.
2:09 of 3rd period - Stopped by Sergei Bobrovsky with a rebound.
2:11 of 3rd period - Slapshot by Joe Corvo.
2:11 of 3rd period - Shot Blocked by Kris Russell.
2:58 of 3rd period - Snap shot by Ryan Getzlaf.
2:58 of 3rd period - Shot Blocked by Joe Corvo.
3:24 of 3rd period - Oliver Ekman-Larsson is hit by Carlo Colaiacovo.
3:32 of 3rd period - Slapshot by Ian Cole.
3:32 of 3rd period - Stopped by Sergei Bobrovsky without a rebound.
3:33 of 3rd period - Frans Nielsen wins face-off versus Michael Ryder in Jets zone.
3:40 of 3rd period - Snap shot by Max Pacioretty.
3:40 of 3rd period - Stopped by Robin Lehner with a rebound.
4:21 of 3rd period - Bruno Gervais is hit by Erik Johnson and loses puck.
5:10 of 3rd period - Slapshot by Michael Ryder.
5:10 of 3rd period - Deflect By Daniel Cleary.
5:10 of 3rd period - Shot Misses the Net.
5:10 of 3rd period - Puck is out of play.
5:11 of 3rd period - Ryan Getzlaf wins face-off versus Erik Haula in Jets zone.
5:21 of 3rd period - Minor Penalty to Eric Brewer for Tripping.
5:22 of 3rd period - John Tavares wins face-off versus Rob Klinkhammer in Stars zone.
5:57 of 3rd period - Wrist shot by Max Pacioretty.
5:57 of 3rd period - Shot Misses the Net.
5:59 of 3rd period - Slapshot by Max Pacioretty.
5:59 of 3rd period - Shot Hit the Post.
7:21 of 3rd period - Penalty to Eric Brewer is over, Eric Brewer is back on ice.
8:03 of 3rd period - Kyle Turris is hit by Erik Haula and loses puck.
9:25 of 3rd period - Wrist shot by Frans Nielsen.
9:25 of 3rd period - Stopped by Robin Lehner without a rebound.
9:26 of 3rd period - Frans Nielsen wins face-off versus Erik Haula in Stars zone.
10:01 of 3rd period - Kris Russell is hit by Miikka Salomaki and loses puck.
10:49 of 3rd period - Joe Corvo is hit by Oliver Ekman-Larsson and loses puck.
11:20 of 3rd period - Colin Wilson is hit by Zach Sill and loses puck.
12:51 of 3rd period - Snap shot by Patrick Eaves.
12:51 of 3rd period - Deflect By Zach Sill.
12:51 of 3rd period - Shot Misses the Net.
12:51 of 3rd period - Puck is out of play.
12:52 of 3rd period - Zach Sill wins face-off versus Alex Killorn in Jets zone.
13:09 of 3rd period - Minor Penalty to Alex Killorn for Holding Stick.
13:10 of 3rd period - Frans Nielsen wins face-off versus Cory Conacher in Jets zone.
13:16 of 3rd period - Icing by Rob Klinkhammer.
13:17 of 3rd period - Frans Nielsen wins face-off versus Rob Klinkhammer in Stars zone.
14:15 of 3rd period - Tyler Myers is hit by Daniel Cleary.
14:21 of 3rd period - Snap shot by Joe Corvo.
14:21 of 3rd period - Deflect By Brett Ritchie.
14:21 of 3rd period - Stopped by Sergei Bobrovsky with a rebound.
14:35 of 3rd period - Frans Nielsen is hit by Jakub Kindl and loses puck.
14:58 of 3rd period - Wrist shot by Kyle Turris.
14:58 of 3rd period - Stopped by Robin Lehner with a rebound.
15:00 of 3rd period - Snap shot by Oliver Ekman-Larsson.
15:00 of 3rd period - Stopped by Robin Lehner without a rebound.
15:01 of 3rd period - Kyle Turris wins face-off versus Farm Player4 in Stars zone.
15:09 of 3rd period - Penalty to Alex Killorn is over, Alex Killorn is back on ice.
15:33 of 3rd period - Off-side.
15:34 of 3rd period - John Tavares wins face-off versus Michael Ryder in neutral zone.
15:59 of 3rd period - Minor Penalty to Joe Corvo for Holding.
16:00 of 3rd period - John Tavares wins face-off versus Rob Klinkhammer in Stars zone.
16:14 of 3rd period - Snap shot by Max Pacioretty.
16:14 of 3rd period - Stopped by Robin Lehner without a rebound.
16:15 of 3rd period - John Tavares wins face-off versus Rob Klinkhammer in Stars zone.
16:26 of 3rd period - Oliver Ekman-Larsson is hit by Patrick Eaves and loses puck.
16:37 of 3rd period - John Moore is hit by Max Pacioretty and loses puck.
17:24 of 3rd period - Patrick Eaves is hit by Kyle Turris and loses puck.
17:59 of 3rd period - Penalty to Joe Corvo is over, Joe Corvo is back on ice.
18:12 of 3rd period - Snap shot by Joe Corvo.
18:12 of 3rd period - Shot Misses the Net.
18:55 of 3rd period - Michael Ryder is hit by Oliver Ekman-Larsson and loses puck.
19:23 of 3rd period - Minor Penalty to John Moore for Close Hand On Puck.
19:24 of 3rd period - John Tavares wins face-off versus Rob Klinkhammer in Stars zone.
19:38 of 3rd period - Slapshot by Alex Ovechkin.
19:38 of 3rd period - Deflect By John Tavares.
19:38 of 3rd period - Goal by John Tavares - Jets : 3 - Stars : 1.
19:39 of 3rd period - Ryan Getzlaf wins face-off versus Erik Haula in neutral zone.
Goals for this period are 1 for Jets vs 0 for Stars.
Shots for this period are 6 for Jets vs 3 for Stars.


Output by the SimonT Hockey Simulator (STHS) for Eric Dolegowski -- Original Page W3C XHTML 1.0 Valid
Hockey Simulator - Hockey Simulation - Hockey Manager